 Dungeon Crawl Stone Soup version 0.29-a0-284-gf9362112df (webtiles) character file.

Game seed: 12421994761104699913

86 domi the Magician (level 4, 0/30 HPs)
             Began as a Demonspawn Hedge Wizard on Mar 23, 2022.
             Slain by Natasha (4 damage)
             ... on level 2 of the Dungeon.
             The game lasted 00:03:06 (2590 turns).

domi the Magician (Demonspawn Hedge Wizard)         Turns: 2590, Time: 00:03:06

Health: 0/30       AC:  2    Str: 11    XL:     4   Next: 27%
Magic:  2/9        EV: 12    Int: 17    God:
Gold:   65         SH:  0    Dex: 12    Spells: 9/10 levels left

rFire   . . .      SeeInvis .   e - +3 mace
rCold   . . .      Faith    .   (no shield)
rNeg    . . .      Spirit   .   b - +0 robe
rPois   .          Reflect  .   c - +0 hat
rElec   .          Harm     .   (no cloak)
rCorr   .          Rampage  .   (no gloves)
Will    .....                   (no boots)
Stlth   ++........              (no amulet)
HPRegen 0.10/turn               (no ring)
MPRegen 0.11/turn               (no ring)

@: no status effects
A: antennae 2, demonic magic 1
a: no special abilities


You were on level 2 of the Dungeon.
You visited 1 branch of the dungeon, and saw 2 of its levels.

You collected 65 gold pieces.

Inventory:

Hand Weapons
 a - a +0 dagger
 e - a +3 mace (weapon)
   (You found it on level 1 of the Dungeon)
Armour
 b - a +0 robe (worn)
 c - a +0 hat (worn)
Scrolls
 g - 2 scrolls of identify {unknown}
 i - a scroll of brand weapon {unknown}
 j - a scroll of fear {unknown}
 k - a scroll of teleportation {unknown}
Potions
 d - a potion of magic
 f - a potion of cancellation {unknown}
 h - a potion of degeneration {unknown}


   Skills:
 - Level 1.7 Dodging
 - Level 1.7 Stealth
 + Level 3.6 Spellcasting
 * Level 3.4 Conjurations
 - Level 1.0 Summonings
 - Level 0.8 Translocations


You had 9 spell levels left.
You knew the following spells:

 Your Spells              Type           Power      Damage    Failure   Level
z - Magic Dart            Conj           56%        1d5       4%          1

Your spell library contained the following spells:

 Spells                   Type           Power      Damage    Failure   Level
 Slow                     Hex            12%        N/A       16%         1
 Call Imp                 Summ           6%         N/A       16%         2
 Blink                    Tloc           12%        N/A       17%         2
 Conjure Flame            Conj/Fire      9%         6-21      24%         3
 Mephitic Cloud           Conj/Pois/Air  7%         N/A       30%         3


Dungeon Overview and Level Annotations

Branches:
Dungeon (2/15)

Altars:

Annotations:
D:2 Natasha


Innate Abilities, Weirdness & Mutations

You have a pair of antennae on your head.
Spells you cast may paralyse adjacent enemies.


Message History

The magic dart hits the dart slug.
A gnoll comes into view. It is wielding a +0 spear.
The dart slug launches a dart at you. The slug dart misses you.
You now have 5/8 mp.
Aim: a dart slug (heavily wounded, 100% to hit)
The magic dart hits the dart slug.
Natasha, Servant of Life and Death comes into view.
A gnoll comes into view. It is wielding a +2 whip of freezing.
Aim: a bat (100% to hit)
The magic dart hits the bat.
You kill the bat!
Natasha hisses angrily.
The gnoll shouts!
You now have 3/8 mp.
Aim: a gnoll, wielding a +0 spear (100% to hit)
The magic dart hits the gnoll.
Aim: a gnoll, wielding a +0 spear (lightly wounded, 100% to hit)
The magic dart hits the gnoll.
A gnoll comes into view. It is wielding a +1 whip of flaming.
The gnoll misses you.
You now have 1/8 mp.
Unknown command.
Unknown command.
Natasha mumbles some strange words.
Natasha casts a spell.
Natasha mumbles some strange words.
The gnoll hits you from afar with a +0 spear.
The crimson imp blinks!
You see here a scroll labelled WENUH XIFU.
You take 4 damage, and have 20/24 hp.
Aim: a gnoll, wielding a +0 spear (lightly wounded, 100% to hit)
The magic dart hits the gnoll but does no damage.
The gnoll barely misses you.
You now have 1/8 mp.
Aim: a gnoll, wielding a +0 spear (lightly wounded, 100% to hit)
The magic dart hits the gnoll.
The gnoll closely misses you.
Aim: a gnoll, wielding a +0 spear (moderately wounded, 100% to hit)
You miscast Magic Dart.
You are very lightly contaminated with residual magic.
Nothing appears to happen.
The gnoll closely misses you.
You now have 0/8 mp.
The gnoll hits you with a +0 spear.
You take 4 damage, and have 17/24 hp.
You hit the gnoll. The gnoll barely misses you.
You closely miss the gnoll.
A hobgoblin comes into view.
The gnoll hits you with a +0 spear. x2
You take 5 damage, and have 12/24 hp.
MASSIVE DAMAGE!!
The hobgoblin shouts!
You sock the gnoll!
You kill the gnoll!
Natasha mumbles some strange words.
The crimson imp hits you but does no damage.
You have reached level 4!
You feel stronger.
Your demonic ancestry asserts itself...
A menacing aura infuses your magic.
You regained 3 hp, and now have 15/30 hp.
You barely miss the crimson imp. The crimson imp barely misses you.
Your magical contamination has completely faded away.
You barely miss the crimson imp.
The crimson imp hits you but does no damage.
The crimson imp grins evilly.
The crimson imp closely misses you.
You thump the crimson imp! Your punch misses the crimson imp.
The crimson imp disappears in a puff of smoke!
The crimson imp blinks!
The crimson imp barely misses you.
You hit the crimson imp.
You kill the crimson imp!
The crimson imp disappears in a puff of smoke!
The gnoll closely misses you.
You sock the gnoll! The gnoll barely misses you.
You sock the gnoll!
You kill the gnoll!
Natasha mumbles some strange words.
The hobgoblin hits you.
You take 1 damage, and have 15/30 hp.
You barely miss the hobgoblin. The hobgoblin barely misses you.
You closely miss the hobgoblin. The hobgoblin closely misses you.
You hit the hobgoblin. The hobgoblin barely misses you.
The hobgoblin misses you.
You closely miss the hobgoblin. The hobgoblin hits you.
You take 2 damage, and have 13/30 hp.
You hit the hobgoblin but do no damage.
The crimson imp disappears in a puff of smoke!
The hobgoblin closely misses you.
Natasha mumbles some strange words.
The hobgoblin misses you.
You hit the hobgoblin.
You kill the hobgoblin!
Natasha stares at you and mumbles some strange words.
The magic dart hits you.
* * * LOW HITPOINT WARNING * * *
You take 6 damage, and have 7/30 hp.
You hit Natasha. Natasha claws you.
* * * LOW HITPOINT WARNING * * *
The iron imp sputters.
You take 3 damage, and have 4/30 hp.
You hit Natasha. Natasha claws you.
You die...

..........#.####
........#.#.####
................
........#.#.###.
.########....... #.#####
#...##.. # #.#... #.......
#.#.##5###########.......
##.#...wh@......†.#.....##
.......5######.##.........
.......§# #)..####)##.###
........####.#......##.#
........†..........###.###
#######5.#.........# #.#..
###w.#......(..# #.#.#
#..g.#.........# #.#.#
#.#†##.#######.# #.#.#


You could see an iron imp (summoned), Natasha, a shadow imp (summoned) and a
dart slug.

Vanquished Creatures
  3 gnolls
  A worm (D:2)
  2 dart slugs
  9 endoplasms
  A giant cockroach (D:1)
  3 goblins
  9 hobgoblins
  3 quokkas
  3 ball pythons (D:1)
  A bat (D:2)
  3 frilled lizards (D:2)
  6 kobolds
  2 rats (D:1)
46 creatures vanquished.

Notes
Turn   | Place    | Note
-------+----------+-------------------------------------------
     0 | D:1      | domi the Demonspawn Hedge Wizard began the quest for the
                  | Orb.
     0 | D:1      | Reached XP level 1. HP: 13/13 MP: 4/4
    63 | D:1      | HP: 3/13 [hobgoblin (1)]
   379 | D:1      | Reached skill level 2 in Conjurations
   379 | D:1      | Gained mutation: You have a pair of small antennae on your
                  | head. [demonic ancestry]
   379 | D:1      | Reached XP level 2. HP: 19/19 MP: 1/6
   708 | D:1      | Found a faded altar of an unknown god.
   775 | D:1      | Gained mutation: You have a pair of antennae on your head.
                  | [demonic ancestry]
   775 | D:1      | Reached XP level 3. HP: 18/24 MP: 7/7
  1906 | D:2      | Reached skill level 3 in Conjurations
  2556 | D:2      | Noticed Natasha
  2577 | D:2      | Gained mutation: Spells you cast may paralyse adjacent
                  | enemies. [demonic ancestry]
  2577 | D:2      | Reached XP level 4. HP: 15/30 MP: 0/9
  2588 | D:2      | HP: 7/30 [Natasha/magic dart (6)]
  2590 | D:2      | Slain by Natasha

Illustrated notes

Levels and vault maps discovered:
D:1:      lemuel_arrival_hallway, layout_loops_ring,
          hellmonk_ecumenical_altar_crossroads, hex_medium
D:2:      layout_basic, uniq_natasha

Skill      XL: |  1  2  3 |
---------------+----------+-----
Conjurations   | 2 3 |  3.4
Dodging        | |  1.7
Stealth        | |  1.7
Spellcasting   | |  3.6
Summonings     | |  1.0
Translocations | |  0.8

Action                   |  1- 3 |  4- 6 || total
-------------------------+-------+-------++-------
Melee: Mace              |    86 |    14 ||   100
       Punch             |     1 |       ||     1
 Cast: Magic Dart        |    36 |       ||    36
 Stab: Sleeping          |     6 |       ||     6
Armor: Robe              |    14 |     1 ||    15
Dodge: Dodged            |    52 |    11 ||    63

Table legend: (Time is in decaauts)
 A = Elapsed time spent in this place.
 B = Non-inter-level travel time spent in this place.
 C = Inter-level travel time spent in this place.
 D = Time resting spent in this place.
 E = Time spent auto-exploring this place.
 F = Levels seen in this place.
 G = Mean time per level.
                   A        B        C        D        E       F      G
               +--------+--------+--------+--------+--------+-----+--------+
         Total |   2629 |   2598 |     31 |    634 |   1628 |   2 | 1314.5 |
       Dungeon |   2629 |   2598 |     31 |    634 |   1628 |   2 | 1314.5 |
               +--------+--------+--------+--------+--------+-----+--------+

Top non-repeatable levels by time:
     D:1: 2068 daAuts
     D:2: 561 daAuts

Table legend:
 A = Kills in this place as a percentage of kills in entire the game.
 B = Kills by you in this place as a percentage of kills by you in the entire game.
 C = Kills by friends in this place as a percentage of kills by friends in the entire game.
 D = Other kills in this place as a percentage of other kills in the entire game.
 E = Experience gained in this place as a percentage of experience gained in the entire game.
 F = Experience gained in this place divided by the number of levels of this place that you have seen.
                   A       B       C       D       E      F
               +-------+-------+-------+-------+-------+----------------------
         Total | 100.0 | 100.0 |   N/A |   N/A | 100.0 |  62.0
       Dungeon | 100.0 | 100.0 |   N/A |   N/A | 100.0 |  62.0
               +-------+-------+-------+-------+-------+----------------------
